Map: Línea Aguablanca EE

Players

MrFercho

  • Race: Zerg Zerg
  • League: Gold
  • Spawn Location: 1:00

TATORREA

  • Race: Protoss Protoss
  • League: Gold
  • Spawn Location: 1:00

tigro

  • Race: Terran Terran
  • League: Bronze
  • Spawn Location: 12:00

TexanKomodo

  • Race: Terran Terran
  • Spawn Location: 6:00

FatSquanchy

  • Race: Protoss Protoss
  • Spawn Location: 7:00

Polonius

  • Race: Protoss Protoss
  • Spawn Location: 7:00

VOD

Have the link to the VOD?

Description

Time

  • Played on: Aug. 15, 2020, 10:14 p.m.
  • Length: 16:50
Show
View Real Time Build Order
Export as new Build Order

MrFercho Zerg 

Build Orders: Hatch First, Roach Hydra, Roach Nydus 

Get SALT Encoding   

  12  0:00  Drone  
  13  0:14  Overlord  
  13  0:18  Drone  
  14  0:34  Drone x2  
  16  0:55  Drone  
  17  0:58  Hatchery, Drone  
  17  1:02  Drone  
  18  1:12  Extractor  
  17  1:20  Spawning Pool  
  17  1:21  Drone  
  17  1:24  Drone  
  18  1:30  Drone  
  19  1:47  Drone  
  20  1:55  Overlord  
  20  2:02  Drone  
  21  2:10  Drone  
  22  2:16  Drone  
  22  2:17  Queen x2  
  27  2:24  Overlord  
  27  2:26  Drone  
  28  2:33  Drone  
  28  2:36  Drone  
  30  2:43  Drone  
  31  2:45  Drone  
  32  2:53  Drone  
  32  2:57  Queen  
  35  3:02  Drone  
  35  3:03  Drone  
  37  3:11  Drone  
  38  3:19  Drone x2  
  40  3:25  Lair, Roach Warren  
  39  3:30  Drone  
  39  3:31  Drone x4  
  39  3:32  Overlord x2, Evolution Chamber  
  43  3:35  Extractor  
  43  3:37  Extractor, Pneumatized Carapace  
  41  3:47  Drone x2  
  43  3:55  Overlord  
  43  3:56  Drone  
  43  4:02  Zerg Missile Weapons Level 1  
  44  4:10  Roach x5  
  44  4:13  Drone x2  
  56  4:24  Glial Reconstitution  
  56  4:27  Overlord  
  56  4:28  Overlord  
  57  4:31  Drone  
  57  4:33  Roach  
  59  4:45  Roach x4  
  67  4:58  Nydus Network  
  67  4:59  Roach  
  68  5:11  Roach x4  
  76  5:18  Extractor  
  76  5:19  Drone  
  76  5:20  Drone x3  
  79  5:27  Metabolic Boost  
  79  5:33  Roach  
  79  5:34  Roach  
  83  5:38  Overlord  
  83  5:39  Overlord x2  
  83  6:00  Roach x4  
  83  6:02  Zerg Missile Weapons Level 2  
  91  6:04  Drone x2  
  91  6:05  Drone  
  94  6:22  Hydralisk Den  
  94  6:24  Roach x2  
  94  6:25  Roach  
  99  6:36  Overlord x4  
  99  6:37  Overlord  
  99  6:46  Hatchery  
  98  6:53  Muscular Augments  
  98  6:58  Zergling x8  
  102  7:09  Hatchery  
  101  7:22  Hydralisk  
  101  7:23  Hydralisk x6  
  115  7:40  Hydralisk  
  115  7:41  Hydralisk x6  
  129  7:56  Nydus Canal  
  129  8:04  Grooved Spines  
  123  8:26  Nydus Canal  
  121  8:40  Zerg Ground Armor Level 1  
  121  8:44  Hydralisk  
  121  8:45  Hydralisk x8  
  138  9:08  Hydralisk x5  
  138  9:11  Zergling x16  
  143  9:23  Overlord x7  
  141  9:28  Overseer  
  141  9:29  Overseer x2  
  141  9:36  Zergling x4  
  143  9:50  Infestation Pit  
  143  9:51  Spire  
  141  10:10  Nydus Canal  
  135  10:31  Lurker Den, Hive  
  120  10:37  Drone x12  
  120  10:39  Queen  
  60  11:27  Hydralisk x6  
  60  11:28  Hydralisk x6  
  84  11:40  Nydus Canal  
  84  11:52  Extractor  
  84  11:53  Extractor  
  82  11:57  Seismic Spines  
  82  12:22  Nydus Canal  
  82  12:31  Drone x4  
  82  12:36  Hydralisk  
  86  12:37  Hydralisk x7  
  102  12:54  Adaptive Talons  
  102  13:01  Zerg Missile Weapons Level 3  
  102  13:23  Hydralisk x7  
  102  13:24  Hatchery  
  102  13:26  Extractor, Overlord x3  
  102  13:27  Extractor, Overlord  
  113  13:39  Lurker x2  
  113  13:40  Lurker  
  77  14:16  Zergling x26  
  77  14:17  Zergling x12  
  77  14:23  Adrenal Glands  
  78  14:34  Hydralisk x7  
  73  14:53  Hydralisk  
  73  14:54  Hydralisk x5  
  85  15:02  Hydralisk x8  
  101  15:11  Spore Crawler  
  101  15:13  Spore Crawler x2  
  98  15:16  Hydralisk x6  
  110  15:26  Zergling x12  
  116  15:39  Drone x3  
  81  15:58  Hydralisk x8  
  81  15:59  Hydralisk x6  
  90  16:07  Hydralisk  
  90  16:08  Hydralisk x10  
  105  16:13  Hydralisk  
  105  16:14  Hydralisk  
Show
View Real Time Build Order
Export as new Build Order

TATORREA Protoss 

Build Orders: Mass Adepts 

Get SALT Encoding   

  12  0:02  Probe  
  13  0:14  Probe  
  14  0:26  Probe  
  14  0:27  Pylon  
  15  0:45  Probe  
  16  0:52  Gateway  
  16  0:57  Probe  
  17  1:09  Assimilator, Probe  
  18  1:22  Probe  
  18  1:23  Gateway  
  19  1:34  Probe  
  19  1:38  Assimilator, Pylon  
  20  1:41  Pylon  
  20  1:46  Probe  
  21  1:58  Cybernetics Core  
  21  1:59  Probe (Chrono Boost)  
  21  2:02  Pylon  
  21  2:10  Probe (Chrono Boost)  
  22  2:23  Gateway  
  22  2:25  Gateway  
  22  2:39  Twilight Council  
  22  2:40  Probe  
  23  2:45  Warp Gate  
  23  2:48  Adept  
  23  2:50  Adept  
  27  3:09  Resonating Glaives (Chrono Boost)  
  27  3:18  Adept  
  29  3:20  Adept x2  
  29  3:22  Adept  
  35  3:48  Adept  
  37  3:50  Adept  
  39  4:11  Nexus  
  39  4:13  Pylon  
  39  4:34  Adept x2  
  39  4:35  Adept x2  
  47  4:56  Adept x3  
  47  4:58  Adept  
  55  5:21  Pylon  
  55  5:25  Pylon  
  55  5:29  Probe x2  
  57  5:41  Probe x2  
  59  5:59  Stalker  
  59  6:00  Stalker x3  
  59  6:03  Probe x2  
  69  6:13  Blink  
  69  6:15  Probe x2  
  71  6:27  Probe  
  71  6:28  Probe  
  73  6:44  Probe x2  
  73  6:46  Stargate  
  75  6:47  Stargate  
  75  7:02  Nexus  
  75  7:03  Pylon  
  75  7:06  Pylon, Probe x2  
  77  7:18  Probe x2  
  77  7:20  Assimilator  
  77  7:22  Assimilator  
  79  7:30  Probe  
  79  7:31  Probe  
  81  7:37  Protoss Air Weapons Level 1 (Chrono Boost)  
  81  7:42  Void Ray, Probe  
  81  7:43  Probe  
  87  7:44  Void Ray  
  91  7:54  Probe  
  91  7:55  Probe  
  53  8:31  Stalker x4  
  61  8:38  Void Ray x2 (Chrono Boost)  
  69  9:05  Stalker x2  
  69  9:06  Stalker x2  
  59  9:16  Void Ray (Chrono Boost)  
  59  9:17  Void Ray (Chrono Boost)  
  61  9:37  Protoss Air Armor Level 1 (Chrono Boost)  
  61  9:44  Probe x3  
  64  9:56  Probe  
  65  10:03  Void Ray x2  
  73  10:13  Assimilator  
  73  10:16  Pylon  
  73  10:19  Assimilator, Pylon  
  73  10:20  Pylon  
  73  10:22  Probe x3  
  73  10:23  Pylon  
  73  10:26  Pylon  
  76  10:34  Pylon, Probe x3  
  79  10:38  Fleet Beacon  
  79  10:41  Pylon  
  79  10:44  Pylon  
  79  10:46  Void Ray  
  79  10:47  Void Ray  
  87  11:15  Gateway  
  87  11:17  Gateway  
  87  11:20  Gateway, Templar Archives  
  87  11:22  Unknown  
  87  11:24  Gateway  
  87  11:25  Probe x2  
  89  11:26  Gateway  
  89  11:27  Probe  
  89  11:31  Gateway  
  90  11:45  Nexus  
  90  11:46  Pylon  
  90  11:49  Pylon  
  90  11:59  Void Ray x2  
  98  12:10  Zealot x2  
  98  12:11  Zealot  
  98  12:15  High Templar x2  
  106  12:16  High Templar  
  106  12:20  High Templar  
  106  12:21  High Templar  
  114  12:23  Charge (Chrono Boost), Archon  
  114  12:24  Archon  
  114  12:33  Probe x3  
  117  12:38  Stalker  
  117  12:39  Stalker x3  
  117  12:40  Stalker  
  127  12:45  Probe x3  
  130  12:57  Probe x3  
  133  13:04  Void Ray  
  137  13:07  Forge  
  137  13:09  Forge  
  137  13:11  Void Ray  
  141  13:13  Forge  
  141  13:14  Probe  
  141  13:15  Probe  
  141  13:16  Probe  
  141  13:17  Protoss Air Weapons Level 2, Probe  
  145  13:26  Probe  
  145  13:27  Assimilator, Probe  
  146  13:28  Probe  
  146  13:29  Probe  
  146  13:31  Assimilator  
  98  14:00  Stalker  
  98  14:01  Stalker x5  
  98  14:02  Stalker x3  
  96  14:03  Stalker  
  96  14:12  Gateway  
  96  14:14  Gateway  
  96  14:16  Gateway x2  
  96  14:17  Gateway  
  88  14:30  Stalker x2  
  88  14:31  Stalker x4  
  79  14:32  Stalker  
  79  14:33  Stalker  
  79  14:36  Stalker  
  76  14:40  Stalker  
  65  14:58  Stalker  
  65  14:59  Stalker x2  
  61  15:00  Stalker x2  
Show
View Real Time Build Order
Export as new Build Order

tigro Terran 

Build Orders:  

Get SALT Encoding   

  12  0:13  SCV  
  13  0:21  Supply Depot  
  13  0:25  SCV  
  14  0:37  SCV  
  15  0:44  Supply Depot  
  16  0:50  Barracks, SCV  
  16  1:02  Refinery, SCV  
  17  1:14  SCV  
  18  1:25  Refinery  
  18  1:26  SCV  
  19  1:38  Marine, SCV  
  21  1:50  SCV  
  22  1:56  Marine  
  23  2:02  SCV  
  24  2:10  Factory  
  24  2:14  Marine, SCV  
  26  2:32  Marine  
  26  2:34  Orbital Command  
  27  2:49  Marine  
  28  2:55  Factory Tech Lab  
  28  2:57  Engineering Bay  
  28  3:08  Barracks Tech Lab  
  28  3:26  Terran Infantry Weapons Level 1  
  28  3:31  Siege Tank  
  28  3:34  Command Center  
  31  3:49  Missile Turret  
  31  4:03  Siege Tank  
  34  4:10  Combat Shield  
  34  4:11  Missile Turret  
  34  4:48  Refinery  
  34  4:49  Refinery  
  34  5:14  Starport  
  34  5:21  Terran Infantry Armor Level 1  
  34  5:29  Stimpack  
  34  5:34  Marine  
  30  5:52  Marine  
  30  5:56  Armory  
  31  5:58  Siege Tank  
  31  6:02  Medivac  
  36  6:10  Marine, SCV  
  38  6:22  SCV  
  39  6:28  Marine  
  40  6:34  SCV  
  41  6:42  Starport Tech Lab  
  41  6:45  Marine  
  41  6:46  SCV  
  43  6:48  Thor  
  49  6:58  SCV  
  50  7:01  Fusion Core  
  50  7:03  Marine  
  51  7:10  SCV  
  51  7:15  Neosteel Armor  
  52  7:21  Marine  
  53  7:23  SCV  
  54  7:36  SCV  
  55  7:39  Marine  
  56  7:47  Missile Turret  
  56  7:48  SCV  
  57  7:52  Weapon Refit  
  57  7:57  Marine  
  58  7:58  Supply Depot  
  58  8:00  SCV  
  59  8:09  Missile Turret  
  59  8:12  SCV  
  60  8:15  Marine  
  61  8:21  Supply Depot  
  61  8:25  Thor  
  67  8:30  Missile Turret  
  67  8:32  Marine  
  66  8:50  Marine  
  66  8:52  Missile Turret  
  66  8:55  Hi-Sec Auto Tracking  
  54  9:08  Marine  
  50  9:16  Siege Tank  
  53  9:25  SCV  
  53  9:26  Marine  
  55  9:32  Rapid Reignition System  
  55  9:38  SCV  
  56  9:44  Marine  
  56  9:45  Barracks  
  57  9:48  Siege Tank  
  57  9:50  SCV  
  61  10:01  Marine  
  61  10:02  SCV  
  64  10:14  SCV  
  64  10:19  Marine  
  64  10:20  Thor  
  71  10:24  Medivac  
  73  10:37  Marine  
  74  10:48  Barracks Reactor  
  74  10:55  Marine  
  75  11:00  Missile Turret  
  75  11:13  Marine  
  76  11:20  Missile Turret  
  76  11:22  Battlecruiser  
  76  11:24  Thor  
  77  11:30  Marine  
  70  11:39  Marine x2  
  72  11:42  Missile Turret  
  72  11:48  Marine  
  72  11:51  Terran Infantry Weapons Level 2  
  73  11:56  Marine, Terran Vehicle Weapons Level 1  
  73  11:57  Marine  
  75  12:06  Marine  
  75  12:07  Thor  
  82  12:14  Marine x2  
  84  12:24  Marine  
  84  12:26  Battlecruiser  
  91  12:32  Marine x2  
  93  12:42  Marine  
  94  13:17  Missile Turret  
  94  13:27  Supply Depot  
  94  13:40  Missile Turret  
  94  13:48  Medivac, Marine x3  
  94  13:49  Siege Tank  
  94  13:50  Supply Depot, Terran Vehicle And Ship Armor Level 1  
  102  14:01  Missile Turret  
  90  14:06  Marine x3, Terran Infantry Armor Level 2  
  65  14:21  Siege Tank  
  65  14:22  Missile Turret  
  62  14:24  Marine x3  
  65  14:42  Marine x3  
  65  14:44  Missile Turret  
  74  14:49  Medivac  
  70  14:53  Siege Tank  
  70  14:54  Command Center  
  73  15:00  Marine  
  74  15:19  Battlecruiser  
  72  15:25  Thor  
  66  15:43  Marine x3  
  66  15:44  Refinery  
  66  16:01  Marine x3  
  72  16:18  Marine  
  72  16:19  Marine x2, Refinery  
Show
View Real Time Build Order
Export as new Build Order

TexanKomodo Terran 

Build Orders:  

Get SALT Encoding   

  12  0:00  SCV  
  13  0:12  SCV  
  14  0:22  Supply Depot  
  14  0:24  SCV  
  15  0:29  Refinery  
  15  0:44  SCV  
  15  0:47  Barracks  
  16  0:56  SCV  
  17  1:08  SCV  
  18  1:20  SCV  
  20  1:36  Marine, Orbital Command  
  20  1:38  Supply Depot  
  20  1:44  Supply Depot  
  20  2:01  Barracks Reactor  
  20  2:06  SCV  
  21  2:20  Bunker  
  21  2:25  Command Center  
  21  2:28  SCV  
  22  2:34  Factory  
  22  2:38  Refinery  
  22  2:40  SCV  
  22  2:42  Marine  
  24  2:44  Marine  
  25  3:03  Marine x2  
  27  3:14  Barracks  
  27  3:20  SCV  
  27  3:21  Marine x2  
  30  3:28  Factory Tech Lab  
  30  3:33  SCV  
  31  3:39  Engineering Bay  
  31  3:40  Marine  
  31  3:41  Marine  
  33  3:43  Orbital Command  
  33  3:49  Siege Tank  
  36  3:57  SCV  
  37  4:03  Barracks Tech Lab  
  37  4:09  SCV, Missile Turret  
  38  4:18  Missile Turret  
  38  4:20  Missile Turret  
  38  4:27  Stimpack  
  38  4:28  Marine x2  
  38  4:31  Missile Turret  
  40  4:33  SCV  
  40  4:34  SCV  
  42  4:39  Marine  
  43  4:46  Marine x2  
  43  4:47  Widow Mine  
  43  4:51  Terran Infantry Weapons Level 1  
  47  4:57  Marine  
  47  4:58  SCV  
  47  4:59  SCV  
  50  5:03  Refinery  
  50  5:09  Siege Tank  
  50  5:10  SCV  
  54  5:18  Supply Depot  
  54  5:20  Supply Depot  
  54  5:23  Supply Depot  
  54  5:28  Starport  
  54  5:38  SCV x2  
  56  5:50  SCV  
  56  5:52  Marine x2  
  56  5:53  Marine  
  60  6:09  Barracks, Starport Reactor  
  60  6:10  Marine x2  
  60  6:11  Marine, Siege Tank  
  66  6:27  Combat Shield  
  66  6:29  Marine x2  
  66  6:30  Command Center, Marine  
  69  6:33  SCV x2  
  69  6:39  Refinery  
  71  6:45  SCV x2  
  73  6:48  Terran Infantry Armor Level 1  
  73  6:53  Engineering Bay  
  73  6:55  Armory  
  73  6:56  Ghost Academy  
  73  6:57  SCV x2  
  73  7:00  Siege Tank  
  78  7:02  Marine x2  
  78  7:04  Barracks Reactor  
  78  7:06  Barracks Reactor  
  80  7:09  SCV  
  80  7:10  Medivac  
  80  7:11  Medivac  
  80  7:15  SCV  
  86  7:31  Supply Depot  
  86  7:32  Supply Depot  
  86  7:36  Supply Depot  
  86  7:38  Supply Depot  
  86  7:39  Supply Depot  
  86  7:41  Supply Depot, SCV x2  
  86  7:43  Marine x2  
  90  7:44  Marine  
  90  7:47  Marine  
  92  8:02  Medivac  
  92  8:03  Marine x3  
  97  8:06  SCV x2  
  97  8:07  SCV  
  94  8:28  Marine  
  94  8:29  Marine x3  
  94  8:30  Siege Tank  
  94  8:31  Marine  
  94  8:34  Viking, Medivac  
  106  8:36  SCV x2  
  106  8:40  Orbital Command  
  108  8:43  Terran Ship Weapons Level 1  
  108  8:46  Marine x2  
  110  8:48  Personal Cloaking  
  81  9:12  Marine x3  
  81  9:13  Marine x2  
  81  9:15  Viking, Medivac, Siege Tank  
  93  9:32  Sensor Tower  
  93  9:40  Marine  
  93  9:41  Marine x3  
  93  9:42  Marine  
  93  9:45  Concussive Shells  
  98  9:47  Sensor Tower  
  98  9:52  Barracks  
  98  9:59  Starport x2  
  98  10:02  Starport  
  98  10:06  Armory  
  98  10:14  Enhanced Shockwaves  
  83  10:44  Marine x5  
  83  10:46  Siege Tank  
  83  10:47  Viking, Medivac  
  86  10:59  Starport Tech Lab x2  
  86  11:00  Starport Reactor  
  86  11:05  Barracks Reactor  
  86  11:34  Orbital Command  
  86  11:37  Marine x3  
  86  11:38  Marine x2  
  86  11:39  Raven x2  
  95  11:55  Marine  
  95  11:57  Marine x3  
  95  12:01  Marine x3  
  100  12:04  Hellion  
  104  12:09  SCV  
  104  12:13  Marine  
  104  12:15  Marine x3  
  109  12:19  Marine x2  
  109  12:21  SCV  
  109  12:22  Raven  
  114  12:26  Hellion  
  116  12:33  SCV  
  117  12:46  SCV  
  118  12:53  Marine x2  
  118  12:54  Marine x5  
  118  12:58  SCV  
  126  12:59  Raven  
  126  13:04  Raven  
  130  13:07  Refinery  
  130  13:10  Refinery, SCV  
  130  13:11  Marine x3  
  130  13:12  Marine x4  
  138  13:21  Viking, Medivac  
  138  13:22  SCV  
  143  13:29  Marine x4  
  143  13:30  Marine x2  
  149  13:35  Supply Depot  
  149  13:37  Supply Depot x2  
  149  13:56  Viking, Marine x5, SCV  
  149  13:58  Medivac, Marine  
  149  13:59  Supply Depot  
  149  14:00  Supply Depot  
  160  14:02  Supply Depot  
  160  14:08  SCV  
  151  14:20  SCV  
  151  14:25  Marine x2  
  151  14:26  Marine x5  
  151  14:28  Raven  
  151  14:29  Viking, Medivac  
  164  14:33  Siege Tank  
  167  14:43  Marine x3  
  167  14:44  Marine x4  
  168  15:02  Ghost  
  170  15:11  Barracks  
  170  15:12  Barracks  
  170  15:14  Marine x6  
  171  15:18  Medivac  
  178  15:30  Ghost  
  178  15:31  Marine  
  178  15:32  Marine x5  
  178  15:35  Command Center  
  186  15:59  Ghost  
  186  16:28  Marauder  
  186  16:31  Marine x2  
Show
View Real Time Build Order
Export as new Build Order

FatSquanchy Protoss 

Build Orders: Carriers 

Get SALT Encoding   

  12  0:00  Probe  
  13  0:15  Pylon  
  13  0:28  Probe  
  14  0:39  Forge  
  14  0:49  Gateway  
  14  0:53  Assimilator  
  14  1:07  Pylon  
  14  1:15  Probe (Chrono Boost)  
  16  1:25  Probe (Chrono Boost)  
  16  1:30  Probe (Chrono Boost)  
  17  1:42  Probe  
  17  1:44  Photon Cannon  
  18  1:50  Cybernetics Core  
  18  1:54  Probe  
  19  2:06  Assimilator  
  19  2:24  Protoss Shields Level 1  
  19  3:04  Stargate  
  19  3:07  Nexus  
  19  3:08  Pylon  
  19  3:11  Pylon  
  19  3:18  Probe  
  20  3:30  Probe  
  21  3:43  Probe (Chrono Boost)  
  21  3:45  Pylon  
  22  3:55  Probe (Chrono Boost)  
  23  4:02  Probe (Chrono Boost)  
  24  4:09  Assimilator, Probe  
  24  4:13  Assimilator  
  24  4:14  Photon Cannon  
  25  4:35  Protoss Air Weapons Level 1 (Chrono Boost)  
  25  4:50  Probe (Chrono Boost)  
  26  4:59  Void Ray  
  31  5:00  Probe (Chrono Boost)  
  31  5:05  Probe (Chrono Boost)  
  32  5:14  Probe (Chrono Boost)  
  34  5:22  Probe (Chrono Boost)  
  34  5:24  Probe (Chrono Boost)  
  35  5:29  Probe (Chrono Boost)  
  36  5:40  Probe  
  36  5:41  Void Ray (Chrono Boost)  
  41  5:52  Probe  
  42  6:16  Void Ray (Chrono Boost)  
  42  6:24  Pylon  
  46  6:27  Fleet Beacon  
  46  6:31  Stargate  
  46  6:37  Protoss Air Armor Level 1  
  46  6:40  Probe (Chrono Boost)  
  47  6:48  Void Ray (Chrono Boost)  
  47  6:50  Probe (Chrono Boost)  
  52  6:55  Probe (Chrono Boost)  
  53  7:06  Probe  
  54  7:16  Unknown  
  54  7:18  Probe  
  54  7:22  Void Ray (Chrono Boost)  
  59  7:36  Void Ray (Chrono Boost)  
  63  7:50  Gateway  
  63  7:54  Twilight Council  
  63  7:58  Void Ray  
  67  8:28  Photon Cannon  
  67  8:31  Warp Gate  
  67  8:32  Carrier (Chrono Boost)  
  73  8:51  Pylon  
  73  8:56  Pylon  
  73  8:59  Pylon  
  73  9:03  Pylon  
  73  9:08  Carrier (Chrono Boost)  
  75  9:26  Carrier (Chrono Boost)  
  81  9:58  Shield Battery  
  81  10:01  Shield Battery  
  81  10:08  Carrier (Chrono Boost)  
  87  10:23  Carrier  
  89  11:06  Carrier (Chrono Boost)  
  95  11:25  Carrier (Chrono Boost)  
  101  11:33  Nexus  
  101  11:51  Assimilator  
  101  11:52  Assimilator  
  101  12:07  Carrier (Chrono Boost)  
  107  12:44  Carrier  
  107  12:50  Charge  
  113  13:00  Dark Shrine  
  113  13:01  Mothership (Chrono Boost)  
  121  13:06  Void Ray  
  125  13:44  Pylon  
  125  13:46  Pylon  
  125  13:48  Pylon  
  125  13:49  Void Ray x2  
  125  13:51  Pylon  
  125  13:52  Pylon x2  
  125  13:54  Pylon  
  107  13:56  Pylon  
  107  13:58  Pylon  
  95  14:32  Void Ray x2  
  103  14:49  Probe (Chrono Boost)  
  104  14:59  Probe (Chrono Boost)  
  105  15:04  Probe (Chrono Boost)  
  106  15:15  Carrier x2, Probe  
  119  15:27  Probe  
Show
View Real Time Build Order
Export as new Build Order

Polonius Protoss 

Build Orders:  

Get SALT Encoding   

  12  0:00  Probe  
  13  0:12  Probe  
  14  0:20  Pylon  
  14  0:24  Probe  
  15  0:31  Assimilator  
  15  0:38  Probe  
  16  0:45  Gateway  
  16  0:55  Probe  
  17  1:05  Forge  
  17  1:08  Probe  
  18  1:36  Cybernetics Core  
  18  1:40  Pylon  
  18  1:43  Probe  
  19  1:53  Photon Cannon  
  19  2:07  Probe  
  20  2:16  Warp Gate (Chrono Boost)  
  20  2:18  Gateway  
  20  2:22  Pylon  
  20  2:36  Nexus  
  20  2:45  Protoss Ground Weapons Level 1 (Chrono Boost)  
  20  2:51  Stalker  
  22  3:12  Stalker  
  24  3:16  Assimilator  
  24  3:21  Gateway  
  24  3:38  Probe  
  24  3:41  Stalker  
  27  3:51  Probe (Chrono Boost)  
  27  3:59  Probe (Chrono Boost)  
  29  4:05  Stalker  
  29  4:08  Probe (Chrono Boost)  
  29  4:09  Probe (Chrono Boost)  
  32  4:14  Probe (Chrono Boost)  
  33  4:17  Robotics Facility  
  33  4:21  Pylon  
  33  4:23  Gateway  
  33  4:29  Stalker  
  35  4:34  Probe  
  36  4:46  Probe  
  36  4:50  Protoss Shields Level 1 (Chrono Boost)  
  37  4:58  Probe  
  38  5:00  Pylon  
  38  5:02  Pylon  
  38  5:06  Observer  
  39  5:15  Assimilator  
  39  5:19  Stalker  
  41  5:21  Stalker  
  43  5:33  Photon Cannon  
  43  5:35  Probe (Chrono Boost)  
  44  5:44  Probe (Chrono Boost)  
  44  5:49  Probe (Chrono Boost)  
  46  6:15  Robotics Bay  
  46  6:17  Pylon  
  46  6:25  Twilight Council  
  46  6:29  Pylon  
  46  6:31  Probe (Chrono Boost)  
  47  6:34  Stalker  
  47  6:35  Stalker x3  
  55  6:42  Probe (Chrono Boost)  
  55  6:44  Forge  
  55  6:46  Probe (Chrono Boost)  
  56  6:52  Gateway  
  57  6:56  Gateway  
  57  6:58  Probe  
  58  7:05  Disruptor  
  61  7:08  Stalker  
  61  7:10  Stalker  
  61  7:13  Probe  
  66  7:39  Stalker x3  
  66  7:40  Stalker  
  73  8:08  Blink  
  71  8:35  Probe (Chrono Boost)  
  71  8:38  Stalker x4  
  71  8:39  Stalker x2  
  78  8:46  Probe (Chrono Boost)  
  71  8:50  Probe (Chrono Boost)  
  70  9:02  Probe  
  66  9:09  Stalker x5  
  72  9:10  Stalker  
  72  9:14  Probe  
  71  9:23  Disruptor  
  74  9:35  Assimilator  
  74  9:40  Nexus  
  74  9:42  Pylon  
  74  9:44  Pylon  
  74  9:47  Assimilator  
  74  9:52  Assimilator  
  74  9:53  Pylon  
  74  9:58  Stalker x4  
  74  9:59  Stalker  
  82  10:29  Disruptor  
  65  10:50  Nexus  
  65  10:53  Pylon  
  65  10:56  Pylon  
  65  11:05  Disruptor  
  65  11:11  Assimilator  
  68  11:14  Stalker x3  
  68  11:15  Stalker x3, Assimilator  
  74  11:38  Photon Cannon  
  74  11:40  Photon Cannon  
  74  11:44  Photon Cannon  
  74  11:46  Stalker x3, Photon Cannon  
  80  11:47  Stalker x2  
  80  11:52  Disruptor  
  87  12:04  Probe (Chrono Boost)  
  87  12:08  Probe (Chrono Boost)  
  89  12:14  Stalker x3, Probe (Chrono Boost)  
  97  12:16  Probe (Chrono Boost)  
  97  12:20  Probe (Chrono Boost)  
  97  12:21  Probe (Chrono Boost)  
  98  12:23  Protoss Ground Weapons Level 2  
  99  12:46  Pylon  
  99  12:48  Probe  
  99  12:50  Stalker x2  
  99  12:51  Stalker x3  
  110  13:00  Probe  
  110  13:04  Gateway  
  111  13:06  Gateway  
  111  13:08  Gateway  
  111  13:12  Gateway, Probe  
  112  13:23  Protoss Shields Level 2  
  112  13:31  Observer  
  84  14:30  Stalker  
  84  14:31  Stalker x4  
  92  14:32  Stalker  
  92  14:37  Stalker x3  
  92  14:38  Stalker  
  94  15:23  Stalker x2  
  94  15:24  Stalker x4  
  94  15:25  Stalker x3  
  94  15:26  Stalker  
  94  15:27  Probe (Chrono Boost)  
  116  15:37  Probe (Chrono Boost)  
  116  15:42  Probe (Chrono Boost)  
  109  15:52  Stalker  
  109  15:53  Stalker x4, Probe  
  109  15:55  Stalker x2  
  109  15:56  Stalker x3  
  128  15:59  Disruptor  
  131  16:05  Probe  
Tags
 
Add a new tag
Caveats
  • Supply blocks, unpowered buildings, or Contaminate may cause inaccurate times.
  • Supply counts are checked every 10 seconds.